AoeStats
← Axel Sage

Arabia

504330515Analyzed
2v2 RM · 27d ago on Sep 4, 2026· 70m 42s· 4 players
Game mode
Random Map
Map size
Medium (4 player)
Population
200
Speed
Normal
Resources
Standard
Victory
Conquest
Starting age
Dark Age
Ending age
Imperial Age
RankedLock teamsTeams togetherTeam positionsShared explorationLock speedFull tech treeHidden civsTurbo modeCheats
Victory
Defeat
🇹🇷 Tatars · Türkiye
719
+17
🇹🇷 Mongols · Türkiye
719
+17
🇹🇷 Turks · Türkiye
766
-29
🇦🇺 Portuguese · Australia
737
-36
YouSuff18
11:23 Feudal Age
9:39 Loom
12:40 Wheelbarrow
11:53 Double-Bit Axe
11:52 Horse Collar
12:08 Gold Mining
22:17 Castle Age
22:08 Stone Mining
22:48 Bloodlines
23:10 Bow Saw
23:17 Hand Cart
23:04 Heavy Plow
23:41 Gold Shaft Mining
25:16 Husbandry
28:37 Treadmill Crane
29:41 Forging
30:13 Scale Barding Armor
31:29 Ballistics
33:07 Town Watch
34:45 Silk Armor
35:48 Iron Casting
37:27 Padded Archer Armor
37:17 Fletching
39:48 Chain Barding Armor
39:45 Leather Archer Armor
39:55 Bodkin Arrow
44:49 Imperial Age
46:04 Conscription
45:56 Timurid Siegecraft
45:07 Elite Keshik
46:54 Chemistry
46:25 Ring Archer Armor
45:56 Bracer
46:18 Guilds
46:12 Bracer
47:11 Plate Barding Armor
47:15 Crop Rotation
48:22 Blast Furnace
47:50 Elite Steppe Lancer
48:51 Caravan
49:07 Heavy Cavalry Archer
49:24 Onager
51:55 Coinage
51:44 Scale Mail Armor
53:19 Town Patrol
60:56 Sappers
DarkCloud
10:27 Feudal Age
10:50 Horse Collar
10:57 Double-Bit Axe
15:24 Loom
17:26 Gold Mining
21:11 Castle Age
22:58 Thumb Ring
22:45 Fletching
22:56 Padded Archer Armor
23:14 Light Cavalry
24:07 Bloodlines
32:31 Stone Mining
33:17 Gold Shaft Mining
32:57 Scale Barding Armor
33:48 Bodkin Arrow
36:13 Heavy Plow
37:38 Chain Barding Armor
38:55 Leather Archer Armor
42:11 Wheelbarrow
42:28 Coinage
42:23 Forging
45:20 Imperial Age
44:57 Hand Cart
45:33 Heavy Scorpion
48:33 Stone Shaft Mining
50:04 Conscription
49:35 Elite Skirmisher
53:46 Ballistics
54:43 Chemistry
58:31 Iron Casting
57:59 Bracer
59:00 Elite Mangudai
61:25 Blast Furnace
62:22 Onager
Axel Sage
11:32 Feudal Age
13:05 Town Watch
13:08 Double-Bit Axe
16:04 Bloodlines
16:02 Scale Barding Armor
17:15 Horse Collar
23:13 Castle Age
21:24 Padded Archer Armor
22:05 Stone Mining
24:22 Bow Saw
26:48 Wheelbarrow
28:07 Loom
28:23 Town Patrol
28:31 Gold Mining
29:34 Hand Cart
29:34 Husbandry
33:23 Chain Barding Armor
33:20 Leather Archer Armor
33:18 Forging
35:43 Heavy Plow
37:10 Iron Casting
46:16 Imperial Age
47:29 Artillery
48:16 Gold Shaft Mining
49:05 Two-Man Saw
50:33 Elite Janissary
52:59 Plate Barding Armor
52:56 Ring Archer Armor
61:23 Murder Holes
61:41 Masonry
ivanorlando06
11:09 Feudal Age
16:39 Castle Age
14:59 Double-Bit Axe
17:45 Loom
26:18 Redemption
32:28 Bow Saw
38:31 Imperial Age
47:09 Cavalier
48:19 Husbandry
48:33 Bloodlines
48:35 Scale Barding Armor
49:29 Conscription
51:31 Chain Barding Armor
51:28 Onager
55:14 Plate Barding Armor
55:33 Forging
57:10 Chemistry
60:14 Iron Casting
61:59 Blast Furnace
60:23 Light Cavalry
61:35 Murder Holes
62:02 Circumnavigation
Connection lost

Rejoining the realm…

Still unreachable

The connection could not be restored.

Session expired

The server has moved on; the page needs a fresh start.